 Dungeon Crawl Stone Soup version 0.18.1-48-g4cf74bf (webtiles) character file.

74 nicanaca0 the Sneak (level 4, 23/30 HPs)
             Began as a Vampire Enchanter on June 24, 2016.
             Was an Initiate of Ashenzari.
             Quit the game on level 3 of the Dungeon.
             The game lasted 00:06:53 (3154 turns).

nicanaca0 the Sneak (Vampire Enchanter)             Turns: 3154, Time: 00:06:53

Health: 23/30      AC:  0    Str:  7    XL:     4   Next: 9%
Magic:  7/7        EV: 20    Int: 18    God:    Ashenzari [......]
Gold:   104        SH:  0    Dex: 19    Spells: 2 memorised, 4 levels left

rFire  . . .     SeeInvis +     (weapon currently unavailable)
rCold  + + .     Gourm    .     (armour currently unavailable)
rNeg   + + +     Faith    .     (shield currently unavailable)
rPois  ∞         Spirit   .     (helmet currently unavailable)
rElec  .         Dismiss  .     (cloak currently unavailable)
rCorr  .         Reflect  .     (gloves currently unavailable)
SustAt .         Harm     .     (boots currently unavailable)
MR     .....                    (no amulet)
Stlth  ++++......               (ring currently unavailable)
                                (ring currently unavailable)

@: bat-form, flying, bloodless, non-regenerating, very quick, not resistant to
hostile enchantments, stealthy
A: fangs 3, see invisible, (unbreathing)
a: End Transformation, Curse Item, Renounce Religion


You were on level 3 of the Dungeon.
You worshipped Ashenzari.
Ashenzari was noncommittal.
You were bloodless.
You were in vampire-bat-form.
You visited 1 branch of the dungeon, and saw 3 of its levels.

You collected 104 gold pieces.

Inventory:

Hand Weapons
 a - a +1 dagger (melded)
Missiles
 e - 71 stones (quivered)
Armour
 b - a +1 robe (melded)
Jewellery
 g - a ring of fire (melded)
Wands
 n - a wand of slowing (34/48)
Scrolls
 f - 6 scrolls of identify {unknown}
 j - a scroll of enchant armour {unknown}
 k - 2 scrolls of random uselessness {unknown}
 l - a scroll of teleportation {unknown}
 m - a scroll of amnesia {unknown}
 o - a scroll of magic mapping {unknown}
Potions
 d - 3 potions of blood
 h - 2 potions of flight {unknown}
 i - a potion of curing {unknown}
Books
 c - a book of Maledictions

   Spells                             Type                      Level
   a - Corona                         Hexes                        1
   b - Ensorcelled Hibernation        Hexes/Ice                    2
   c - Confuse                        Hexes                        3
   d - Tukima's Dance                 Hexes                        3
   e - Dazzling Spray                 Conjuration/Hexes            3


   Skills:
 * Level 4.1 Short Blades
 - Level 2.1 Dodging
 + Level 4.8 Stealth
 - Level 2.0 Spellcasting
 - Level 4.4 Hexes


You had 4 spell levels left.
You knew the following spells:

 Your Spells              Type           Power        Failure   Level  Hunger
x - Ensorcelled Hibernat  Hex/Ice        #.....       12%         2    ###....
z - Corona                Hex            ###....      3%          1    #......


Dungeon Overview and Level Annotations

Branches:
Dungeon (3/15)

Altars:
Ashenzari


Innate Abilities, Weirdness & Mutations

You do not heal naturally.
You are immune to poison.
You have razor-sharp teeth.
You have supernaturally acute eyesight.
((You can survive without breathing.))


Message History

You start resting.
You feel devoid of blood!
You start waiting.
Done waiting.
You start waiting.
Two of your 8 potions of blood rot away.
You start waiting.
One of your 6 potions of blood rots away.
You start waiting.
Done waiting.
You start waiting.
One of your 5 potions of blood rots away.
You start waiting.
One of your 4 potions of blood rots away.
You start waiting.
Done waiting.
Found a bread ration.
The jackal is too close now for your liking.
A jackal is nearby!
Are you sure you want to abandon this character and quit the game? (Confirm with "yes".)

.# #h#..
#####.#.###.
#...†.......
###.####..####
#.........##
#.#.........
#.#.#####(###
##.#.#####b####.#
#.............%.$#
###.#..#####........
#...#...#########..#
##.#####......# .#
###....#...####.#
#......#..## #.#
#.#......## ###
#.....####


You could see a jackal (sleeping).

Vanquished Creatures
  2 adders (D:2)
  2 oozes (D:1)
  2 giant geckos (D:1)
  6 ball pythons
  6 bats
  2 giant cockroaches (D:1)
  5 goblins
  A hobgoblin (D:1)
  7 jackals
  5 giant newts
  A kobold (D:1)
  7 rats
46 creatures vanquished.

Notes
Turn   | Place    | Note
--------------------------------------------------------------
     0 | D:1      | nicanaca0 the Vampire Enchanter began the quest for the Orb.
     0 | D:1      | Reached XP level 1. HP: 13/13 MP: 3/3
    38 | D:1      | Reached XP level 2. HP: 16/19 MP: 5/5
   236 | D:1      | Learned a level 2 spell: Ensorcelled Hibernation
   811 | D:1      | Reached XP level 3. HP: 19/24 MP: 6/6
   920 | D:1      | Found a shattered altar of Ashenzari.
  1037 | D:1      | Became a worshipper of Ashenzari the Shackled
  2340 | D:2      | Reached XP level 4. HP: 30/30 MP: 7/7
  2424 | D:3      | Noticed an ice beast
  3154 | D:3      | Quit the game

Skill      XL: |  1  2  3 |
---------------+----------+-----
Short Blades   | 2 3 4 |  4.1
Dodging        | |  2.1
Stealth        | |  4.8
Spellcasting   | |  2.0
Hexes          | |  4.4

Action                   |  1- 3 |  4- 6 || total
-------------------------+-------+-------++-------
Melee: Dagger            |   146 |     6 ||   152
       Bite              |     6 |     5 ||    11
       Unarmed           |       |    29 ||    29
Throw: Stone             |     2 |       ||     2
 Cast: Ensorcelled Hiber |     2 |       ||     2
 Abil: Bat Form          |       |     1 ||     1
 Stab: Sleeping          |    12 |     3 ||    15
Armor: Robe              |    43 |     1 ||    44
Dodge: Dodged            |   100 |    20 ||   120
